XFBL
HOUSTON ASTROS @ SAN DIEGO PADRES
09/27/1982
 
TOP OF THE 1ST
Houston Astros batting - Pitching for San Diego Padres : RHP Tony Archuleta
Pitching: RHP Tony Archuleta
Batting: RHB Julio Franco 0-0: Called Strike
0-1: Ball
1-1: Ball
2-1: SINGLE (Groundball, 56D, EV 95.0 MPH)
Batting: LHB Steve Kemp 0-0: Called Strike
0-1: Grounds into double play, 4-6-3 (Groundball, 4M, EV 82.5 MPH)
Batting: RHB Zail Smith 0-0: Ball
1-0: Called Strike
1-1: SINGLE (Flyball, 56D, EV 96.3 MPH)
Batting: RHB John Castino 0-0: Called Strike
Zail Smith steals 2nd base
0-1: Foul Ball, location: 2F
0-2: Foul Ball, location: 2F
0-2: Ball
1-2: Ball
2-2: Ball
3-2: Ground out 6-3 (Groundball, 6, EV 80.6 MPH)
Top of the 1st over - 0 runs, 2 hits, 0 errors, 1 left on base; Houston 0 - San Diego 0
BOTTOM OF THE 1ST
San Diego Padres batting - Pitching for Houston Astros : RHP Steve Bedrosian
Pitching: RHP Steve Bedrosian
Batting: RHB Dennis Dungy 0-0: Ball
1-0: Ball
2-0: Called Strike
2-1: Foul Ball, location: 2F
2-2: SINGLE (Groundball, 56, EV 100.6 MPH) (infield hit)
Batting: RHB Bob Dernier 0-0: Ball
Dennis Dungy steals 2nd base
1-0: Swinging Strike
1-1: Swinging Strike
1-2: Strikes out swinging
Batting: LHB Mike Cole 0-0: Ball
1-0: Ball
2-0: Foul Ball, location: 2F
2-1: Fly out, F9 (Flyball, 9LM, EV 96.9 MPH)
Batting: LHB Tom Dunbar 0-0: Called Strike
0-1: Ball
1-1: Foul Ball, location: 2F
1-2: Ball
2-2: TRIPLE (Line Drive, 9LD, EV 108.1 MPH)
Dennis Dungy scores
Batting: RHB Joel Youngblood 0-0: Called Strike
0-1: Ground out 6-3 (Groundball, 6, EV 83.8 MPH)
Bottom of the 1st over - 1 run, 2 hits, 0 errors, 1 left on base; Houston 0 - San Diego 1
TOP OF THE 2ND
Houston Astros batting - Pitching for San Diego Padres : RHP Tony Archuleta
Batting: RHB Cecil Fielder 0-0: SOLO HOME RUN (Flyball, 89XD, EV 91.3 MPH), Distance : 397 ft
Batting: LHB Jose Cruz 0-0: Called Strike
0-1: Ground out 5-3 (Groundball, 56, EV 86.9 MPH)
Batting: SHB Bill D Doran 0-0: Ball
1-0: Foul Ball, location: 2F
1-1: Fly out, F7 (Line Drive, 7, EV 91.3 MPH)
Batting: RHB Dave Valle 0-0: Ball
1-0: Ball
2-0: Called Strike
2-1: Foul Ball, location: 2F
2-2: Ball
3-2: Base on Balls
Batting: RHB Steve Bedrosian 0-0: Called Strike
0-1: Foul Ball, location: 2F
0-2: Ball
1-2: Foul Ball, location: 2F
1-2: Ball
2-2: Foul Ball, location: 2F
2-2: Ball
3-2: Foul Ball, location: 2F
3-2: Strikes out swinging
Top of the 2nd over - 1 run, 1 hit, 0 errors, 1 left on base; Houston 1 - San Diego 1
BOTTOM OF THE 2ND
San Diego Padres batting - Pitching for Houston Astros : RHP Steve Bedrosian
Batting: LHB Chris Chambliss 0-0: Called Strike
0-1: Ball
1-1: Called Strike
1-2: Foul Ball, location: 2F
1-2: Foul Ball, location: 2F
1-2: SINGLE (Line Drive, 78S, EV 95.0 MPH)
Batting: RHB Nicky Richards 0-0: Ball
1-0: Ball
2-0: Swinging Strike
2-1: Ball
3-1: Called Strike
3-2: Strikes out swinging
Chris Chambliss steals 2nd base
Batter strikes out.
Batting: LHB Jeffrey Zitek 0-0: Ball
1-0: Ball
2-0: Ball
3-0: Base on Balls
Batting: LHB Tony Archuleta 0-0: Bunted foul
0-1: Sac Bunt to 23 - play at first, batter OUT! 3-4
Chris Chambliss to third
Jeffrey Zitek to second
Batting: RHB Dennis Dungy 0-0: Ball
1-0: Ball
2-0: Called Strike
2-1: Called Strike
2-2: Ball
3-2: Foul Ball, location: 2F
3-2: Foul Ball, location: 2F
3-2: Base on Balls
Batting: RHB Bob Dernier 0-0: Ball
1-0: Ball
2-0: Fly out, F9 (Flyball, 89M, EV 82.5 MPH)
Bottom of the 2nd over - 0 runs, 1 hit, 0 errors, 3 left on base; Houston 1 - San Diego 1
TOP OF THE 3RD
Houston Astros batting - Pitching for San Diego Padres : RHP Tony Archuleta
Batting: RHB Julio Franco 0-0: Swinging Strike
0-1: Ball
1-1: Ball
2-1: Swinging Strike
2-2: Ground out 4-3 (Groundball, 4S, EV 68.1 MPH)
Batting: LHB Steve Kemp 0-0: Called Strike
0-1: Swinging Strike
0-2: Strikes out swinging
Batting: RHB Zail Smith 0-0: Swinging Strike
0-1: Ball
1-1: Ball
2-1: Ball
3-1: SINGLE (Line Drive, 6D, EV 98.8 MPH)
Batting: RHB John Castino 0-0: Ball
Zail Smith steals 2nd base
1-0: Ball
2-0: Ball
3-0: Called Strike
3-1: Base on Balls
Batting: RHB Cecil Fielder 0-0: Foul Ball, location: 2F
0-1: Foul Ball, location: 2F
0-2: Ball
1-2: Foul Ball, location: 2F
1-2: Strikes out swinging
Top of the 3rd over - 0 runs, 1 hit, 0 errors, 2 left on base; Houston 1 - San Diego 1
BOTTOM OF THE 3RD
San Diego Padres batting - Pitching for Houston Astros : RHP Steve Bedrosian
Batting: LHB Mike Cole 0-0: Ball
1-0: Ball
2-0: Swinging Strike
2-1: Fly out, F8 (Flyball, 89S, EV 91.3 MPH)
Batting: LHB Tom Dunbar 0-0: Ball
1-0: Foul Ball, location: 2F
1-1: Ball
2-1: Called Strike
2-2: Ball
3-2: Fly out, F8 (Line Drive, 8LD, EV 94.4 MPH)
Batting: RHB Joel Youngblood 0-0: Ground out 6-3 (Groundball, 6, EV 81.3 MPH)
Bottom of the 3rd over - 0 runs, 0 hits, 0 errors, 0 left on base; Houston 1 - San Diego 1
TOP OF THE 4TH
Houston Astros batting - Pitching for San Diego Padres : RHP Tony Archuleta
Batting: LHB Jose Cruz 0-0: Foul Ball, location: 2F
0-1: Ball
1-1: Fly out, F7 (Line Drive, 7, EV 100.0 MPH)
Batting: SHB Bill D Doran 0-0: Ball
1-0: Swinging Strike
1-1: Ball
2-1: SINGLE (Groundball, 25, EV 67.5 MPH) (infield hit)
Batting: RHB Dave Valle 0-0: Ball
1-0: Fly out, F6 (Flyball, 5D, EV 81.9 MPH)
Batting: RHB Steve Bedrosian 0-0: Ground out 4-3 (Groundball, 4, EV 86.3 MPH)
Top of the 4th over - 0 runs, 1 hit, 0 errors, 1 left on base; Houston 1 - San Diego 1
BOTTOM OF THE 4TH
San Diego Padres batting - Pitching for Houston Astros : RHP Steve Bedrosian
Batting: LHB Chris Chambliss 0-0: Called Strike
0-1: Ball
1-1: Ball
2-1: Ground out 1-3 (Groundball, 15S, EV 67.5 MPH)
Batting: RHB Nicky Richards 0-0: Called Strike
0-1: Foul Ball, location: 2F
0-2: Ball
1-2: Strikes out looking
Batting: LHB Jeffrey Zitek 0-0: Ball
1-0: Ball
2-0: Ball
3-0: Base on Balls
Batting: LHB Tony Archuleta 0-0: Called Strike
0-1: Called Strike
0-2: Ball
1-2: Ball
2-2: Strikes out swinging
Bottom of the 4th over - 0 runs, 0 hits, 0 errors, 1 left on base; Houston 1 - San Diego 1
TOP OF THE 5TH
Houston Astros batting - Pitching for San Diego Padres : RHP Tony Archuleta
Batting: RHB Julio Franco 0-0: Swinging Strike
0-1: Called Strike
0-2: Strikes out swinging
Batting: LHB Steve Kemp 0-0: Ball
1-0: Called Strike
1-1: Ball
2-1: Ground out 4-3 (Groundball, 4S, EV 80.0 MPH)
Batting: RHB Zail Smith 0-0: Called Strike
0-1: Fly out, F7 (Flyball, 78XD, EV 101.3 MPH)
Top of the 5th over - 0 runs, 0 hits, 0 errors, 0 left on base; Houston 1 - San Diego 1
BOTTOM OF THE 5TH
San Diego Padres batting - Pitching for Houston Astros : RHP Steve Bedrosian
Batting: RHB Dennis Dungy 0-0: Ball
1-0: SINGLE (Line Drive, 5D, EV 96.9 MPH)
Batting: RHB Bob Dernier 0-0: Swinging Strike
0-1: Sac Bunt to 25 - play at first, batter OUT! 5-4
Dennis Dungy to second
Batting: LHB Mike Cole 0-0: Called Strike
0-1: Called Strike
0-2: Foul Ball, location: 2F
0-2: Ball
1-2: Ground out 5-3 (Groundball, 5L, EV 80.0 MPH)
Batting: LHB Tom Dunbar 0-0: Foul Ball, location: 2F
0-1: Ball
1-1: Foul Ball, location: 2F
1-2: Foul Ball, location: 2F
1-2: SINGLE (Line Drive, 6D, EV 98.1 MPH)
Dennis Dungy to third
Runner from 3rd tries for Home, SAFE, throw by LF to home
Batting: RHB Joel Youngblood 0-0: Ball
Tom Dunbar steals 2nd base
1-0: Ball
2-0: Ball
3-0: Called Strike
3-1: Fly out, F8 (Flyball, 89M, EV 88.8 MPH)
Bottom of the 5th over - 1 run, 2 hits, 0 errors, 1 left on base; Houston 1 - San Diego 2
TOP OF THE 6TH
Houston Astros batting - Pitching for San Diego Padres : RHP Tony Archuleta
Batting: RHB John Castino 0-0: Ball
1-0: Called Strike
1-1: Foul Ball, location: 2F
1-2: Ground out 6-3 (Groundball, 6, EV 88.8 MPH)
Batting: RHB Cecil Fielder 0-0: Called Strike
0-1: Ground out 6-3 (Groundball, 56, EV 96.3 MPH)
Batting: LHB Jose Cruz 0-0: Ball
1-0: Ball
2-0: Ball
3-0: Called Strike
3-1: Base on Balls
Batting: SHB Bill D Doran 0-0: Called Strike
0-1: Called Strike
0-2: Foul Ball, location: 2F
0-2: Foul Ball, location: 2F
0-2: Fielders Choice at 2nd, U6 (Groundball, 6M, EV 85.6 MPH)
Top of the 6th over - 0 runs, 0 hits, 0 errors, 1 left on base; Houston 1 - San Diego 2
BOTTOM OF THE 6TH
San Diego Padres batting - Pitching for Houston Astros : RHP Steve Bedrosian
Batting: LHB Chris Chambliss 0-0: Called Strike
0-1: Ball
1-1: Swinging Strike
1-2: SINGLE (Groundball, 3S, EV 80.0 MPH) (infield hit)
Batting: RHB Nicky Richards 0-0: Ball
1-0: Ball
2-0: Foul Ball, location: 2F
2-1: Ball
3-1: Grounds into double play, 5-4-3 (Groundball, 56, EV 110.0 MPH)
Batting: LHB Jeffrey Zitek 0-0: Ground out 5-3 (Groundball, 56S, EV 67.5 MPH)
Bottom of the 6th over - 0 runs, 1 hit, 0 errors, 0 left on base; Houston 1 - San Diego 2
TOP OF THE 7TH
Houston Astros batting - Pitching for San Diego Padres : RHP Tony Archuleta
Batting: RHB Dave Valle 0-0: Ball
1-0: Foul Ball, location: 2F
1-1: Ball
2-1: Ball
3-1: Foul Ball, location: 2F
3-2: Base on Balls
Batting: RHB Steve Bedrosian 0-0: Bunted foul
0-1: Bunted foul
0-2: Bunted foul, Strikeout!
Batting: RHB Julio Franco 0-0: Fielders Choice at 2nd, U6 (Groundball, 4M, EV 108.8 MPH)
Batting: LHB Steve Kemp 0-0: Ball
Julio Franco steals 2nd base
1-0: Fly out, F8 (Flyball, 8RXD, EV 91.3 MPH)
Top of the 7th over - 0 runs, 0 hits, 0 errors, 1 left on base; Houston 1 - San Diego 2
BOTTOM OF THE 7TH
San Diego Padres batting - Pitching for Houston Astros : RHP Steve Bedrosian
Pinch Hitting: RHB Dave Edler 0-0: Ball
1-0: Swinging Strike
1-1: Fly out, F8 (Flyball, 8LM, EV 78.8 MPH)
Batting: RHB Dennis Dungy 0-0: Foul Ball, location: 2F
0-1: Ball
1-1: Swinging Strike
1-2: SINGLE (Groundball, 6MD, EV 107.5 MPH)
Batting: RHB Bob Dernier 0-0: Ball
Dennis Dungy is caught stealing 2nd base 2-4
1-0: Called Strike
1-1: Foul Ball, location: 2F
1-2: Ground out 5-3 (Groundball, 56S, EV 86.3 MPH)
Bottom of the 7th over - 0 runs, 1 hit, 0 errors, 0 left on base; Houston 1 - San Diego 2
TOP OF THE 8TH
Houston Astros batting - Pitching for San Diego Padres : RHP Tony Archuleta
Pitching: RHP Craig Eaton
Now in RF: Kelvin Moore
Batting: RHB Zail Smith 0-0: Called Strike
0-1: Ball
1-1: Foul Ball, location: 2F
1-2: Fly out, F7 (Flyball, 7S, EV 94.4 MPH)
Batting: RHB John Castino 0-0: Ball
1-0: Called Strike
1-1: Ball
2-1: Foul Ball, location: 2F
2-2: Strikes out looking
Batting: RHB Cecil Fielder 0-0: Ball
1-0: DOUBLE (Line Drive, 89XD, EV 100.6 MPH)
Batting: LHB Jose Cruz 0-0: Fly out, F8 (Flyball, 8LM, EV 85.6 MPH)
Top of the 8th over - 0 runs, 1 hit, 0 errors, 1 left on base; Houston 1 - San Diego 2
BOTTOM OF THE 8TH
San Diego Padres batting - Pitching for Houston Astros : RHP Steve Bedrosian
Batting: LHB Mike Cole 0-0: Ball
1-0: Ball
2-0: Fly out, F5 (Line Drive, 5, EV 72.5 MPH)
Batting: LHB Tom Dunbar 0-0: Ball
1-0: Foul Ball, location: 2F
1-1: SINGLE (Line Drive, 6M, EV 101.9 MPH)
Batting: RHB Joel Youngblood 0-0: Ball
1-0: Ball
Tom Dunbar is caught stealing 2nd base 2-4
2-0: Called Strike
2-1: Ball
3-1: Base on Balls
Batting: LHB Chris Chambliss 0-0: Ball
Joel Youngblood steals 2nd, throwing error, E2
Joel Youngblood to third
1-0: Ball
2-0: Ball
3-0: Called Strike
3-1: Foul Ball, location: 2F
3-2: Foul Ball, location: 2F
3-2: Base on Balls
Batting: RHB Nicky Richards 0-0: Ball
1-0: Swinging Strike
1-1: Ball
2-1: Ball
3-1: Called Strike
3-2: Foul Ball, location: 2F
3-2: Foul Ball, location: 2F
3-2: Foul Ball, location: 2F
3-2: DOUBLE (Line Drive, 7LM, EV 91.9 MPH)
Joel Youngblood scores
Chris Chambliss to third
Chris Chambliss scores
Pitching: LHP Terry Forster
Batting: LHB Jeffrey Zitek 0-0: Called Strike
0-1: Ball
1-1: Ground out 6-3 (Groundball, 6, EV 110.0 MPH)
Bottom of the 8th over - 2 runs, 2 hits, 1 error, 1 left on base; Houston 1 - San Diego 4
TOP OF THE 9TH
Houston Astros batting - Pitching for San Diego Padres : RHP Craig Eaton
Batting: SHB Bill D Doran 0-0: Called Strike
0-1: Ball
1-1: Foul Ball, location: 2F
1-2: Fly out, F8 (Flyball, 78D, EV 108.1 MPH)
Batting: RHB Dave Valle 0-0: Ball
1-0: Called Strike
1-1: Ball
2-1: Ball
3-1: Ground out 4-3 (Groundball, 4, EV 77.5 MPH)
Pinch Hitting: LHB George Vukovich 0-0: Foul Ball, location: 2F
0-1: Called Strike
0-2: Ball
1-2: Fly out, F8 (Line Drive, 8RM, EV 100.0 MPH)
Top of the 9th over - 0 runs, 0 hits, 0 errors, 0 left on base; Houston 1 - San Diego 4
Thursday, September 3rd, 2020 - OOTP Baseball 21.5 Build 76